Wolfpack vs Icehogs
Created - February 5, 2022 at 22:12
Goals
|
| Wolfpack |
3 |
0 |
1 |
1 |
5 |
| Icehogs |
2 |
2 |
0 |
0 |
4 |
|
Shots
|
| Wolfpack |
15 |
5 |
14 |
1 |
35 |
| Icehogs |
11 |
17 |
6 |
0 |
34 |
|
1st period
1. Wolfpack , Henrik Samuelsson 12 (Stefan Noesen 32, Kevin Roy 5) at 1:25
2. Icehogs , Sam Reinhart 7 (Stefan Matteau 3, Ryan Hartman 14) at 8:03 (PP)
3. Icehogs , Michael Chaput 5 (Craig Cunningham 6, Nikita Zadorov 1) at 11:33 (PP)
4. Wolfpack , David Pope 10 (Derrick Pouliot 11) at 12:40
5. Wolfpack , Stefan Noesen 18 (Henrik Samuelsson 17) at 17:41
Penalties :
Samuel Blais (Har) for Interference (Minor) at 7:59, Dave Dziurzynski (Har) for Roughing (Minor) at 11:04
2nd period
6. Icehogs , Tanner Richard 11 (Julius Honka 3) at 6:37
7. Icehogs , Curtis Lazar 7 (Craig Cunningham 7, Ben Harpur 16) at 13:04 (PP)
Penalties :
Steven Santini (Har) for Cross-checking (Minor) at 12:49, Mikhail Sergachev (Har) for Holding (Minor) at 16:47
3rd period
8. Wolfpack , Sebastian Collberg 10 (Maxime Sauvé 26, Samuel Blais 7) at 13:58
Penalties :
No Penalty
Overtime #1
9. Wolfpack , Ryan Dzingel 10 (Maxime Sauvé 27, Steven Santini 16) at 0:25
Penalties :
No Penalty
Goalie Stats
Samuel Montembeault (Har), 30 saves from 34 shots - (0.882), W, 10-6-0, 60:25 minutes
Mackenzie Blackwood (Roc), 30 saves from 35 shots - (0.857), OTL, 3-3-1, 60:25 minutes
Players Stats for Wolfpack
Player Name G A P +/- PIM S H SB GA TA FO MP PP MP PK MP
------------------------------------------------------------------------------------
Alex Barre-Boulet 0 0 0 0 0 2 1 0 0 0 0/0 12:14 0:00 0:00
Colton White 0 0 0 1 0 0 2 0 0 2 0/0 13:53 0:00 0:00
Connor Chatam 0 0 0 0 0 1 0 0 0 0 0/0 11:19 0:00 0:00
Dave Dziurzynski 0 0 0 0 2 1 1 0 2 0 0/0 11:42 0:00 1:20
David Pope 1 0 1 0 0 1 0 0 0 1 0/0 13:08 0:00 0:16
Derrick Pouliot 0 1 1 1 0 0 0 0 2 0 0/0 20:39 0:00 1:25
Henrik Samuelsson 1 1 2 2 0 2 1 0 1 0 19/25 19:26 0:00 0:40
Kevin Roy 0 1 1 0 0 1 1 0 0 0 1/4 10:59 0:00 0:00
Maxime Sauvé 0 2 2 2 0 2 2 0 1 0 9/19 16:55 0:00 1:58
Mikhail Sergachev 0 0 0 2 2 1 1 0 1 1 0/0 24:37 0:00 0:15
Ryan Culkin 0 0 0 1 0 0 0 2 0 0 0/0 15:32 0:00 1:07
Ryan Dzingel 1 0 1 3 0 3 3 0 0 0 3/3 21:08 0:00 1:20
Samuel Blais 0 1 1 1 2 1 1 0 2 0 0/0 14:11 0:00 0:00
Sebastian Collberg 1 0 1 1 0 4 1 0 0 0 0/0 14:16 0:00 0:00
Seth Griffith 0 0 0 0 0 4 2 0 0 0 1/5 13:24 0:00 0:00
Stefan Noesen 1 1 2 2 0 7 2 0 0 0 0/0 18:43 0:00 0:00
Steven Santini 0 1 1 1 2 0 1 0 1 0 0/0 20:38 0:00 1:25
Vince Dunn 0 0 0 2 0 5 0 1 1 0 0/0 26:05 0:00 1:22
Players Stats for Icehogs
Player Name G A P +/- PIM S H SB GA TA FO MP PP MP PK MP
------------------------------------------------------------------------------------
Andrew Mangiapane 0 0 0 1 0 1 1 0 0 2 0/0 12:18 0:00 0:00
Ben Harpur 0 1 1 -2 0 0 1 2 0 2 0/0 26:00 1:49 0:00
Craig Cunningham 0 2 2 -2 0 6 2 1 1 0 0/0 17:46 1:23 0:00
Curtis Lazar 1 0 1 -2 0 2 1 0 0 1 0/0 18:17 1:23 0:00
Dillon Dube 0 0 0 0 0 0 1 0 0 0 2/4 8:45 0:00 0:00
Julius Honka 0 1 1 -1 0 0 0 0 0 1 0/0 14:56 0:00 0:00
Kurtis Gabriel 0 0 0 1 0 0 2 0 0 0 0/0 11:47 0:00 0:00
Michael Chaput 1 0 1 -2 0 2 1 1 0 1 8/17 17:56 1:23 0:00
Mike Reilly 0 0 0 -1 0 1 3 1 1 0 0/0 19:29 0:58 0:00
Mikhail Grigorenko 0 0 0 0 0 6 0 0 0 0 0/0 8:45 0:00 0:00
Nick Mattson 0 0 0 -1 0 0 1 1 0 1 0/0 19:29 0:58 0:00
Nikita Scherbak 0 0 0 0 0 3 1 0 0 0 0/0 8:45 0:00 0:00
Nikita Zadorov 0 1 1 -2 0 3 1 3 0 1 0/0 26:00 1:49 0:00
Patrick Sieloff 0 0 0 -1 0 0 0 0 0 1 0/0 14:56 0:00 0:00
Ryan Hartman 0 1 1 -3 0 1 6 0 0 0 9/28 21:34 1:24 0:00
Sam Reinhart 1 0 1 -2 0 1 2 0 1 1 0/1 21:11 1:24 0:00
Stefan Matteau 0 1 1 -3 0 2 0 1 1 0 2/3 21:36 1:24 0:00
Tanner Richard 1 0 1 1 0 6 1 1 0 0 2/3 12:10 0:00 0:00
3 Stars
1 - Stefan Noesen (Har)
2 - Henrik Samuelsson (Har)
3 - Ryan Dzingel (Har)
Power Play
Wolfpack - 0 on 0 Attempt(s) - 0.00%
Icehogs - 3 on 4 Attempt(s) - 75.00%
Penalty Kill
Wolfpack - 1 on 4 Attempt(s) - 25.00%
- Score 0 goal in Penalty Kill
Icehogs - 0 on 0 Attempt(s) - 0.00%
- Score 0 goal in Penalty Kill
Team Stat
Wolfpack - Hits : 19 - Faceoff Wins : 33 - Blocked Shots : 3 - Penalty Minutes : 8
Icehogs - Hits : 24 - Faceoff Wins : 23 - Blocked Shots : 11 - Penalty Minutes : 0
Official
Referees : Kyle Rehman and Brad Meier
Linesman : Andrew Smith and Libor Suchanek
Game Notes
Dave Dziurzynski is injured at 7:30 of 3rd period (Groin)
Finance
Level 1 -- Attendance: 1964 (98.20%) -- Ticket Income $68,740
Level 2 -- Attendance: 1000 (100.00%) -- Ticket Income $15,000
Total Attendance: 2964 (98.80%)
Total Ticket Income: $83,740
Other Income: $4,187
Total Income: $87,927
Wolfpack
5 vs 5 Forward
Center Left Wing Right Wing Time % Phy DF OF
1 Henrik Samuelsson Ryan Dzingel Stefan Noesen 40 1 2 2
2 Maxime Sauvé Samuel Blais Sebastian Collberg 30 1 2 2
3 Seth Griffith Dave Dziurzynski Alex Barre-Boulet 20 1 2 2
4 Kevin Roy David Pope Connor Chatam 10 1 2 2
5 vs 5 Defense
Defense Defense Time % Phy DF OF
1 Vince Dunn Mikhail Sergachev 40 1 2 2
2 Derrick Pouliot Steven Santini 30 1 2 2
3 Ryan Culkin Colton White 20 1 2 2
4 Vince Dunn Mikhail Sergachev 10 1 2 2
PowerPlay Forward
Center Left Wing Right Wing Time % Phy DF OF
1 Henrik Samuelsson Samuel Blais Stefan Noesen 60 1 2 2
2 Maxime Sauvé Ryan Dzingel Sebastian Collberg 40 1 2 2
PowerPlay Defense
Defense Defense Time % Phy DF OF
1 Vince Dunn Mikhail Sergachev 60 1 2 2
2 Derrick Pouliot Steven Santini 40 1 2 2
Penalty Kill 4 Players Forward
Center Wing Time % Phy DF OF
1 Maxime Sauvé Dave Dziurzynski 60 1 2 2
2 Henrik Samuelsson Ryan Dzingel 40 1 2 2
Penalty Kill 4 Players Defense
Defense Defense Time % Phy DF OF
1 Derrick Pouliot Steven Santini 60 1 2 2
2 Vince Dunn Mikhail Sergachev 40 1 2 2
Penalty Kill - 3 Players Forward
Forward Time % Phy DF OF
1 Maxime Sauvé 60 1 2 2
2 Henrik Samuelsson 40 1 2 2
Penalty Kill - 3 Players Defense
Defense Defense Time % Phy DF OF
1 Derrick Pouliot Steven Santini 60 1 2 2
2 Vince Dunn Mikhail Sergachev 40 1 2 2
4 vs 4 Forward
Center Wing Time % Phy DF OF
1 Maxime Sauvé Dave Dziurzynski 60 1 2 2
2 Henrik Samuelsson Ryan Dzingel 40 1 2 2
4 vs 4 Defense
Defense Defense Time % Phy DF OF
1 Derrick Pouliot Steven Santini 60 1 2 2
2 Vince Dunn Mikhail Sergachev 40 1 2 2
Last Minutes Offensive
Center Left Wing Right Wing Defense Defense
Maxime Sauvé Dave Dziurzynski Stefan Noesen Derrick Pouliot Steven Santini
Last Minutes Defensive
Center Left Wing Right Wing Defense Defense
Maxime Sauvé Dave Dziurzynski Stefan Noesen Derrick Pouliot Steven Santini
Goaltenders
Starting : Samuel Montembeault
Backup : Mike Condon
Extra Forwards
Normal : Ryan Dzingel, David Pope, Seth Griffith - PP : Ryan Dzingel, David Pope - PK : Ryan Dzingel
Extra Defensemen
Normal : Mikhail Sergachev, Ryan Culkin, Colton White - PP : Mikhail Sergachev - PK : Mikhail Sergachev, Ryan Culkin
Penalty Shots
Maxime Sauvé, Stefan Noesen, Dave Dziurzynski, Henrik Samuelsson, Ryan Dzingel
Scratches
Adam Lowry (Healthy), Dryden Hunt (Healthy), Jacob Middleton (Healthy), Jake Marchment (Healthy), Joel Kiviranta (Healthy)
Joshua Jacobs (Healthy), Keegan Kolesar (Healthy), Mikhail Vorobyev (Healthy), Will Borgen (Healthy), Alexander Barabanov (Healthy)
Andrew Peeke (Healthy), Dante Fabbro (Healthy), Jeffrey Viel (Healthy), Yegor Korshkov (Healthy), Jake Paterson (Healthy)
Icehogs
5 vs 5 Forward
Center Left Wing Right Wing Time % Phy DF OF
1 Ryan Hartman Stefan Matteau Sam Reinhart 40 1 2 2
2 Michael Chaput Craig Cunningham Curtis Lazar 30 1 2 2
3 Tanner Richard Andrew Mangiapane Kurtis Gabriel 20 1 2 2
4 Dillon Dube Mikhail Grigorenko Nikita Scherbak 10 1 2 2
5 vs 5 Defense
Defense Defense Time % Phy DF OF
1 Nikita Zadorov Ben Harpur 40 1 2 2
2 Nick Mattson Mike Reilly 30 1 2 2
3 Patrick Sieloff Julius Honka 20 1 2 2
4 Nikita Zadorov Ben Harpur 10 1 2 2
PowerPlay Forward
Center Left Wing Right Wing Time % Phy DF OF
1 Ryan Hartman Stefan Matteau Sam Reinhart 60 1 2 2
2 Michael Chaput Craig Cunningham Curtis Lazar 40 1 2 2
PowerPlay Defense
Defense Defense Time % Phy DF OF
1 Nikita Zadorov Ben Harpur 60 1 2 2
2 Nick Mattson Mike Reilly 40 1 2 2
Penalty Kill 4 Players Forward
Center Wing Time % Phy DF OF
1 Ryan Hartman Stefan Matteau 60 1 2 2
2 Michael Chaput Craig Cunningham 40 1 2 2
Penalty Kill 4 Players Defense
Defense Defense Time % Phy DF OF
1 Nikita Zadorov Ben Harpur 60 1 2 2
2 Nick Mattson Mike Reilly 40 1 2 2
Penalty Kill - 3 Players Forward
Forward Time % Phy DF OF
1 Ryan Hartman 60 1 2 2
2 Michael Chaput 40 1 2 2
Penalty Kill - 3 Players Defense
Defense Defense Time % Phy DF OF
1 Nikita Zadorov Ben Harpur 60 1 2 2
2 Nick Mattson Mike Reilly 40 1 2 2
4 vs 4 Forward
Center Wing Time % Phy DF OF
1 Ryan Hartman Stefan Matteau 60 1 2 2
2 Michael Chaput Craig Cunningham 40 1 2 2
4 vs 4 Defense
Defense Defense Time % Phy DF OF
1 Nikita Zadorov Ben Harpur 60 1 2 2
2 Nick Mattson Mike Reilly 40 1 2 2
Last Minutes Offensive
Center Left Wing Right Wing Defense Defense
Ryan Hartman Stefan Matteau Sam Reinhart Nikita Zadorov Ben Harpur
Last Minutes Defensive
Center Left Wing Right Wing Defense Defense
Ryan Hartman Stefan Matteau Sam Reinhart Nikita Zadorov Ben Harpur
Goaltenders
Starting : Mackenzie Blackwood
Backup : Jack LaFontaine
Extra Forwards
Normal : Tanner Richard, Sam Reinhart, Andrew Mangiapane - PP : Tanner Richard, Sam Reinhart - PK : Tanner Richard
Extra Defensemen
Normal : Mike Reilly, Patrick Sieloff, Julius Honka - PP : Mike Reilly - PK : Mike Reilly, Patrick Sieloff
Penalty Shots
Stefan Matteau, Ryan Hartman, Craig Cunningham, Michael Chaput, Tanner Richard
Scratches
Calle Andersson (Healthy), Clark Bishop (Healthy), Duncan Siemens (Healthy), JJ. Piccinich (Healthy), Mattias Janmark (Healthy)
Myles Bell (Healthy), Nick Paul (Healthy), Patrick Russell (Healthy), Ross Johnston (Healthy), Zach Whitecloud (Healthy)
Jeremy Davies (Healthy), Jackson Cates (Healthy), Joe Cannata (Healthy), Michael Giugovaz (Healthy)
% Time on Ice - Wolfpack
Lines # - Real PCT - Wanted PCT - Time Play
Normal Forward
1 - 33% - 40% - 19:04
2 - 28% - 30% - 16:04
3 - 21% - 20% - 12:14
4 - 17% - 10% - 9:51
Normal Defense
1 - 37% - 40% - 20:59
2 - 34% - 30% - 19:30
3 - 24% - 20% - 13:41
4 - 5% - 10% - 3:03
PP Forward
1 - 0% - 60%
2 - 0% - 40%
PP Defense
1 - 0% - 60%
2 - 0% - 40%
PK Forward
1 - 84% - 60% - 2:20
2 - 16% - 40% - 0:27
PK Defense
1 - 51% - 60% - 1:25
2 - 49% - 40% - 1:22
PK3 Forward
1 - 0% - 60%
2 - 0% - 40%
PK3 Defense
1 - 0% - 60%
2 - 0% - 40%
44 Forward
1 - 100% - 60% - 0:25
2 - 0% - 40% - 0:00
44 Defense
1 - 100% - 60% - 0:25
2 - 0% - 40% - 0:00
Last Minute Offensive - 0:00
Last Minute Defensive - 0:00
Total
Forward - 60:25
Defense - 60:25
|
% Time on Ice - Icehogs
Lines # - Real PCT - Wanted PCT - Time Play
Normal Forward
1 - 35% - 40% - 20:18
2 - 29% - 30% - 16:23
3 - 21% - 20% - 11:47
4 - 15% - 10% - 8:45
Normal Defense
1 - 35% - 40% - 20:14
2 - 32% - 30% - 18:31
3 - 26% - 20% - 14:56
4 - 6% - 10% - 3:32
PP Forward
1 - 50% - 60% - 1:24
2 - 50% - 40% - 1:23
PP Defense
1 - 65% - 60% - 1:49
2 - 35% - 40% - 0:58
PK Forward
1 - 0% - 60%
2 - 0% - 40%
PK Defense
1 - 0% - 60%
2 - 0% - 40%
PK3 Forward
1 - 0% - 60%
2 - 0% - 40%
PK3 Defense
1 - 0% - 60%
2 - 0% - 40%
44 Forward
1 - 100% - 60% - 0:25
2 - 0% - 40% - 0:00
44 Defense
1 - 100% - 60% - 0:25
2 - 0% - 40% - 0:00
Last Minute Offensive - 0:00
Last Minute Defensive - 0:00
Total
Forward - 60:25
Defense - 60:25
|
Play-by-Play
1st period
0:01 of 1st period - Ryan Hartman wins face-off versus Henrik Samuelsson in neutral zone.
0:08 of 1st period - Snap shot by Stefan Matteau.
0:08 of 1st period - Shot Misses the Net.
0:17 of 1st period - Off-side.
0:18 of 1st period - Maxime Sauvé wins face-off versus Michael Chaput in neutral zone.
0:21 of 1st period - Wrist shot by Sebastian Collberg.
0:21 of 1st period - Shot Misses the Net.
0:23 of 1st period - Wrist shot by Samuel Blais.
0:23 of 1st period - Shot Misses the Net.
0:31 of 1st period - Snap shot by Sebastian Collberg.
0:31 of 1st period - Shot Misses the Net.
0:47 of 1st period - Wrist shot by Tanner Richard.
0:47 of 1st period - Stopped by Samuel Montembeault without a rebound.
0:48 of 1st period - Tanner Richard wins face-off versus Kevin Roy in Wolfpack zone.
1:25 of 1st period - Slapshot by Henrik Samuelsson.
1:25 of 1st period - Goal by Henrik Samuelsson - Wolfpack : 1 - Icehogs : 0.
1:26 of 1st period - Dillon Dube wins face-off versus Maxime Sauvé in neutral zone.
1:33 of 1st period - Snap shot by Sebastian Collberg.
1:33 of 1st period - Shot Misses the Net.
2:15 of 1st period - Slapshot by Ryan Dzingel.
2:15 of 1st period - Shot Misses the Net.
2:17 of 1st period - Backhand shot by Henrik Samuelsson.
2:17 of 1st period - Shot Misses the Net.
2:19 of 1st period - Snap shot by Henrik Samuelsson.
2:19 of 1st period - Shot Misses the Net.
2:21 of 1st period - Slapshot by Derrick Pouliot.
2:21 of 1st period - Shot Blocked by Nick Mattson.
3:22 of 1st period - Slapshot by Mike Reilly.
3:22 of 1st period - Shot Blocked by Ryan Culkin.
3:36 of 1st period - Slapshot by Henrik Samuelsson.
3:36 of 1st period - Shot Misses the Net.
4:45 of 1st period - Wrist shot by Mikhail Grigorenko.
4:45 of 1st period - Stopped by Samuel Montembeault without a rebound.
4:46 of 1st period - Henrik Samuelsson wins face-off versus Ryan Hartman in Wolfpack zone.
5:42 of 1st period - Wrist shot by Seth Griffith.
5:42 of 1st period - Stopped by Mackenzie Blackwood without a rebound.
5:43 of 1st period - Henrik Samuelsson wins face-off versus Ryan Hartman in Icehogs zone.
6:08 of 1st period - Vince Dunn is hit by Craig Cunningham.
6:32 of 1st period - Andrew Mangiapane is hit by Colton White and loses puck.
6:57 of 1st period - Snap shot by Mikhail Grigorenko.
6:57 of 1st period - Stopped by Samuel Montembeault without a rebound.
6:58 of 1st period - Henrik Samuelsson wins face-off versus Dillon Dube in Wolfpack zone.
7:04 of 1st period - Off-side.
7:05 of 1st period - Henrik Samuelsson wins face-off versus Ryan Hartman in neutral zone.
7:16 of 1st period - Snap shot by Henrik Samuelsson.
7:16 of 1st period - Stopped by Mackenzie Blackwood without a rebound.
7:17 of 1st period - Henrik Samuelsson wins face-off versus Ryan Hartman in Icehogs zone.
7:20 of 1st period - Wrist shot by Stefan Noesen.
7:20 of 1st period - Stopped by Mackenzie Blackwood with a rebound.
7:26 of 1st period - Wrist shot by Stefan Noesen.
7:26 of 1st period - Shot Blocked by Nikita Zadorov.
7:59 of 1st period - Minor Penalty to Samuel Blais for Interference.
8:00 of 1st period - Ryan Hartman wins face-off versus Maxime Sauvé in Wolfpack zone.
8:03 of 1st period - Snap shot by Sam Reinhart.
8:03 of 1st period - Goal by Sam Reinhart - Wolfpack : 1 - Icehogs : 1.
8:04 of 1st period - Ryan Hartman wins face-off versus Henrik Samuelsson in neutral zone.
8:07 of 1st period - Ryan Dzingel is hit by Sam Reinhart and loses puck.
8:13 of 1st period - Icing by Ryan Dzingel.
8:14 of 1st period - Henrik Samuelsson wins face-off versus Sam Reinhart in Wolfpack zone.
8:34 of 1st period - Vince Dunn is hit by Ben Harpur.
8:56 of 1st period - Ryan Hartman is hit by Ryan Dzingel and loses puck.
9:03 of 1st period - Snap shot by Stefan Noesen.
9:03 of 1st period - Stopped by Mackenzie Blackwood without a rebound.
9:04 of 1st period - Michael Chaput wins face-off versus Seth Griffith in Icehogs zone.
9:09 of 1st period - Wrist shot by Michael Chaput.
9:09 of 1st period - Shot Misses the Net.
9:29 of 1st period - Maxime Sauvé is hit by Kurtis Gabriel and loses puck.
9:52 of 1st period - Wrist shot by Mikhail Grigorenko.
9:52 of 1st period - Stopped by Samuel Montembeault without a rebound.
9:53 of 1st period - Kevin Roy wins face-off versus Dillon Dube in Wolfpack zone.
10:04 of 1st period - Wrist shot by Mikhail Grigorenko.
10:04 of 1st period - Stopped by Samuel Montembeault without a rebound.
10:05 of 1st period - Henrik Samuelsson wins face-off versus Ryan Hartman in Wolfpack zone.
10:18 of 1st period - Ben Harpur is hit by Ryan Dzingel and loses puck.
11:04 of 1st period - Minor Penalty to Dave Dziurzynski for Roughing.
11:05 of 1st period - Maxime Sauvé wins face-off versus Ryan Hartman in Wolfpack zone.
11:15 of 1st period - Slapshot by Stefan Matteau.
11:15 of 1st period - Shot Misses the Net.
11:21 of 1st period - Wrist shot by Ryan Hartman.
11:21 of 1st period - Deflect By Stefan Matteau.
11:21 of 1st period - Shot Misses the Net.
11:21 of 1st period - Puck is out of play.
11:22 of 1st period - Michael Chaput wins face-off versus Maxime Sauvé in Wolfpack zone.
11:25 of 1st period - Snap shot by Craig Cunningham.
11:25 of 1st period - Shot Misses the Net.
11:27 of 1st period - Slapshot by Nikita Zadorov.
11:27 of 1st period - Deflect By Maxime Sauvé.
11:27 of 1st period - Stopped by Samuel Montembeault with a rebound.
11:31 of 1st period - Slapshot by Craig Cunningham.
11:31 of 1st period - Shot Misses the Net.
11:33 of 1st period - Slapshot by Craig Cunningham.
11:33 of 1st period - Deflect By Michael Chaput.
11:33 of 1st period - Goal by Michael Chaput - Wolfpack : 1 - Icehogs : 2.
11:34 of 1st period - Henrik Samuelsson wins face-off versus Ryan Hartman in neutral zone.
12:08 of 1st period - Snap shot by Seth Griffith.
12:08 of 1st period - Stopped by Mackenzie Blackwood with a rebound.
12:12 of 1st period - Snap shot by Seth Griffith.
12:12 of 1st period - Stopped by Mackenzie Blackwood with a rebound.
12:22 of 1st period - Wrist shot by David Pope.
12:22 of 1st period - Shot Blocked by Ben Harpur.
12:26 of 1st period - Wrist shot by Steven Santini.
12:26 of 1st period - Deflect By Kevin Roy.
12:26 of 1st period - Shot Misses the Net.
12:26 of 1st period - Puck is out of play.
12:27 of 1st period - Michael Chaput wins face-off versus Kevin Roy in Icehogs zone.
12:40 of 1st period - Snap shot by David Pope.
12:40 of 1st period - Goal by David Pope - Wolfpack : 2 - Icehogs : 2.
12:41 of 1st period - Michael Chaput wins face-off versus Henrik Samuelsson in neutral zone.
13:15 of 1st period - Wrist shot by Dave Dziurzynski.
13:15 of 1st period - Shot Blocked by Mike Reilly.
14:02 of 1st period - Slapshot by Ben Harpur.
14:02 of 1st period - Shot Misses the Net.
14:54 of 1st period - Kurtis Gabriel is hit by Maxime Sauvé and loses puck.
15:15 of 1st period - Wrist shot by Stefan Noesen.
15:15 of 1st period - Stopped by Mackenzie Blackwood with a rebound.
16:14 of 1st period - Wrist shot by Kevin Roy.
16:14 of 1st period - Stopped by Mackenzie Blackwood without a rebound.
16:15 of 1st period - Henrik Samuelsson wins face-off versus Ryan Hartman in Icehogs zone.
16:45 of 1st period - Stefan Matteau is hit by Dave Dziurzynski and loses puck.
16:52 of 1st period - Dave Dziurzynski is hit by Ryan Hartman and loses puck.
16:59 of 1st period - Wrist shot by Stefan Matteau.
16:59 of 1st period - Stopped by Samuel Montembeault without a rebound.
17:00 of 1st period - Michael Chaput wins face-off versus Henrik Samuelsson in Wolfpack zone.
17:05 of 1st period - Wrist shot by Craig Cunningham.
17:05 of 1st period - Shot Misses the Net.
17:07 of 1st period - Slapshot by Ben Harpur.
17:07 of 1st period - Shot Misses the Net.
17:09 of 1st period - Snap shot by Ben Harpur.
17:09 of 1st period - Shot Misses the Net.
17:11 of 1st period - Snap shot by Craig Cunningham.
17:11 of 1st period - Deflect By Michael Chaput.
17:11 of 1st period - Stopped by Samuel Montembeault without a rebound.
17:12 of 1st period - Michael Chaput wins face-off versus Maxime Sauvé in Wolfpack zone.
17:15 of 1st period - Wrist shot by Craig Cunningham.
17:15 of 1st period - Stopped by Samuel Montembeault with a rebound.
17:23 of 1st period - Snap shot by Vince Dunn.
17:23 of 1st period - Stopped by Mackenzie Blackwood without a rebound.
17:24 of 1st period - Henrik Samuelsson wins face-off versus Ryan Hartman in Icehogs zone.
17:33 of 1st period - Wrist shot by Stefan Noesen.
17:33 of 1st period - Stopped by Mackenzie Blackwood without a rebound.
17:34 of 1st period - Henrik Samuelsson wins face-off versus Stefan Matteau in Icehogs zone.
17:41 of 1st period - Wrist shot by Stefan Noesen.
17:41 of 1st period - Goal by Stefan Noesen - Wolfpack : 3 - Icehogs : 2.
17:42 of 1st period - Maxime Sauvé wins face-off versus Ryan Hartman in neutral zone.
18:28 of 1st period - Dave Dziurzynski is hit by Mike Reilly.
18:46 of 1st period - Slapshot by Vince Dunn.
18:46 of 1st period - Stopped by Mackenzie Blackwood without a rebound.
18:47 of 1st period - Dillon Dube wins face-off versus Kevin Roy in Icehogs zone.
19:12 of 1st period - Stefan Matteau is hit by Stefan Noesen and loses puck.
19:23 of 1st period - Snap shot by Stefan Noesen.
19:23 of 1st period - Stopped by Mackenzie Blackwood without a rebound.
19:24 of 1st period - Maxime Sauvé wins face-off versus Michael Chaput in Icehogs zone.
Goals for this period are 3 for Wolfpack vs 2 for Icehogs.
Shots for this period are 15 for Wolfpack vs 11 for Icehogs.
2nd period
0:01 of 2nd period - Stefan Matteau wins face-off versus Maxime Sauvé in neutral zone.
0:47 of 2nd period - Wrist shot by Nikita Scherbak.
0:47 of 2nd period - Stopped by Samuel Montembeault with a rebound.
0:55 of 2nd period - Slapshot by Seth Griffith.
0:55 of 2nd period - Shot Misses the Net.
0:57 of 2nd period - Wrist shot by Mikhail Sergachev.
0:57 of 2nd period - Stopped by Mackenzie Blackwood with a rebound.
0:59 of 2nd period - Slapshot by Seth Griffith.
0:59 of 2nd period - Stopped by Mackenzie Blackwood without a rebound.
1:00 of 2nd period - Stefan Matteau wins face-off versus Maxime Sauvé in Icehogs zone.
1:00 of 2nd period - Stefan Matteau is hit by Samuel Blais.
1:10 of 2nd period - Snap shot by Nikita Zadorov.
1:10 of 2nd period - Stopped by Samuel Montembeault without a rebound.
1:11 of 2nd period - Ryan Hartman wins face-off versus Henrik Samuelsson in Wolfpack zone.
1:24 of 2nd period - Wrist shot by Stefan Matteau.
1:24 of 2nd period - Shot Misses the Net.
1:26 of 2nd period - Slapshot by Nikita Zadorov.
1:26 of 2nd period - Deflect By Henrik Samuelsson.
1:26 of 2nd period - Stopped by Samuel Montembeault with a rebound.
1:47 of 2nd period - Wrist shot by Samuel Blais.
1:47 of 2nd period - Deflect By Sebastian Collberg.
1:47 of 2nd period - Stopped by Mackenzie Blackwood with a rebound.
1:59 of 2nd period - Snap shot by Andrew Mangiapane.
1:59 of 2nd period - Stopped by Samuel Montembeault without a rebound.
2:00 of 2nd period - Tanner Richard wins face-off versus Seth Griffith in Wolfpack zone.
2:03 of 2nd period - Snap shot by Tanner Richard.
2:03 of 2nd period - Stopped by Samuel Montembeault with a rebound.
2:05 of 2nd period - Slapshot by Patrick Sieloff.
2:05 of 2nd period - Shot Blocked by Vince Dunn.
2:07 of 2nd period - Slapshot by Julius Honka.
2:07 of 2nd period - Shot Misses the Net.
2:09 of 2nd period - Snap shot by Kurtis Gabriel.
2:09 of 2nd period - Shot Misses the Net.
2:11 of 2nd period - Wrist shot by Andrew Mangiapane.
2:11 of 2nd period - Shot Misses the Net.
2:13 of 2nd period - Wrist shot by Tanner Richard.
2:13 of 2nd period - Stopped by Samuel Montembeault without a rebound.
2:14 of 2nd period - Henrik Samuelsson wins face-off versus Ryan Hartman in Wolfpack zone.
2:39 of 2nd period - Stefan Noesen is hit by Nick Mattson and loses puck.
5:04 of 2nd period - Derrick Pouliot is hit by Ryan Hartman and loses puck.
5:15 of 2nd period - Snap shot by Tanner Richard.
5:15 of 2nd period - Shot Misses the Net.
6:09 of 2nd period - Wrist shot by Tanner Richard.
6:09 of 2nd period - Stopped by Samuel Montembeault with a rebound.
6:37 of 2nd period - Wrist shot by Tanner Richard.
6:37 of 2nd period - Goal by Tanner Richard - Wolfpack : 3 - Icehogs : 3.
6:38 of 2nd period - Ryan Hartman wins face-off versus Maxime Sauvé in neutral zone.
6:43 of 2nd period - Ryan Culkin is hit by Ryan Hartman and loses puck.
7:04 of 2nd period - Craig Cunningham is hit by Stefan Noesen and loses puck.
7:27 of 2nd period - Dave Dziurzynski is hit by Nikita Scherbak and loses puck.
7:34 of 2nd period - Dillon Dube is hit by Alex Barre-Boulet and loses puck.
8:41 of 2nd period - Dave Dziurzynski is hit by Ryan Hartman and loses puck.
9:15 of 2nd period - Ryan Dzingel is hit by Kurtis Gabriel and loses puck.
9:26 of 2nd period - Steven Santini is hit by Michael Chaput.
9:37 of 2nd period - Icing by Patrick Sieloff.
9:38 of 2nd period - Maxime Sauvé wins face-off versus Michael Chaput in Icehogs zone.
10:24 of 2nd period - Icing by Seth Griffith.
10:25 of 2nd period - Ryan Hartman wins face-off versus Seth Griffith in Wolfpack zone.
10:36 of 2nd period - Wrist shot by Dave Dziurzynski.
10:36 of 2nd period - Stopped by Mackenzie Blackwood with a rebound.
10:38 of 2nd period - Wrist shot by Seth Griffith.
10:38 of 2nd period - Shot Blocked by Nikita Zadorov.
11:37 of 2nd period - Wrist shot by Ryan Hartman.
11:37 of 2nd period - Stopped by Samuel Montembeault without a rebound.
11:38 of 2nd period - Henrik Samuelsson wins face-off versus Michael Chaput in Wolfpack zone.
12:49 of 2nd period - Minor Penalty to Steven Santini for Cross-checking.
12:50 of 2nd period - Maxime Sauvé wins face-off versus Michael Chaput in Wolfpack zone.
13:02 of 2nd period - Backhand shot by Ben Harpur.
13:02 of 2nd period - Deflect By Craig Cunningham.
13:02 of 2nd period - Stopped by Samuel Montembeault with a rebound.
13:04 of 2nd period - Wrist shot by Curtis Lazar.
13:04 of 2nd period - Goal by Curtis Lazar - Wolfpack : 3 - Icehogs : 4.
13:05 of 2nd period - Henrik Samuelsson wins face-off versus Ryan Hartman in neutral zone.
13:18 of 2nd period - Snap shot by Henrik Samuelsson.
13:18 of 2nd period - Shot Misses the Net.
13:58 of 2nd period - Wrist shot by Mikhail Grigorenko.
13:58 of 2nd period - Stopped by Samuel Montembeault with a rebound.
14:00 of 2nd period - Snap shot by Nikita Scherbak.
14:00 of 2nd period - Stopped by Samuel Montembeault without a rebound.
14:01 of 2nd period - Henrik Samuelsson wins face-off versus Ryan Hartman in Wolfpack zone.
14:01 of 2nd period - Henrik Samuelsson is hit by Mike Reilly.
14:29 of 2nd period - Curtis Lazar is hit by Maxime Sauvé.
14:33 of 2nd period - Slapshot by Craig Cunningham.
14:33 of 2nd period - Shot Misses the Net.
14:35 of 2nd period - Wrist shot by Curtis Lazar.
14:35 of 2nd period - Stopped by Samuel Montembeault without a rebound.
14:36 of 2nd period - Ryan Hartman wins face-off versus Maxime Sauvé in Wolfpack zone.
15:22 of 2nd period - Andrew Mangiapane is hit by Steven Santini.
15:26 of 2nd period - Connor Chatam is hit by Tanner Richard and loses puck.
16:07 of 2nd period - Slapshot by Henrik Samuelsson.
16:07 of 2nd period - Shot Misses the Net.
16:09 of 2nd period - Snap shot by Ryan Dzingel.
16:09 of 2nd period - Stopped by Mackenzie Blackwood with a rebound.
16:11 of 2nd period - Slapshot by Steven Santini.
16:11 of 2nd period - Shot Misses the Net.
16:29 of 2nd period - Snap shot by Craig Cunningham.
16:29 of 2nd period - Stopped by Samuel Montembeault without a rebound.
16:30 of 2nd period - Henrik Samuelsson wins face-off versus Michael Chaput in Wolfpack zone.
16:44 of 2nd period - Michael Chaput is hit by Henrik Samuelsson and loses puck.
16:47 of 2nd period - Minor Penalty to Mikhail Sergachev for Holding.
16:48 of 2nd period - Maxime Sauvé wins face-off versus Ryan Hartman in Wolfpack zone.
17:19 of 2nd period - Dave Dziurzynski is hit by Craig Cunningham and loses puck.
17:59 of 2nd period - Snap shot by Craig Cunningham.
17:59 of 2nd period - Stopped by Samuel Montembeault with a rebound.
18:01 of 2nd period - Snap shot by Craig Cunningham.
18:01 of 2nd period - Stopped by Samuel Montembeault without a rebound.
18:02 of 2nd period - Michael Chaput wins face-off versus Henrik Samuelsson in Wolfpack zone.
18:47 of 2nd period - Penalty to Mikhail Sergachev is over, Mikhail Sergachev is back on ice.
18:53 of 2nd period - Snap shot by Mikhail Sergachev.
18:53 of 2nd period - Shot Misses the Net.
Goals for this period are 0 for Wolfpack vs 2 for Icehogs.
Shots for this period are 5 for Wolfpack vs 17 for Icehogs.
3rd period
0:01 of 3rd period - Henrik Samuelsson wins face-off versus Ryan Hartman in neutral zone.
0:16 of 3rd period - Wrist shot by Ryan Dzingel.
0:16 of 3rd period - Deflect By Stefan Matteau.
0:16 of 3rd period - Stopped by Mackenzie Blackwood without a rebound.
0:17 of 3rd period - Maxime Sauvé wins face-off versus Michael Chaput in Icehogs zone.
0:18 of 3rd period - Wrist shot by Samuel Blais.
0:18 of 3rd period - Shot Misses the Net.
0:20 of 3rd period - Slapshot by Vince Dunn.
0:20 of 3rd period - Deflect By Ben Harpur.
0:20 of 3rd period - Stopped by Mackenzie Blackwood with a rebound.
0:22 of 3rd period - Slapshot by Sebastian Collberg.
0:22 of 3rd period - Stopped by Mackenzie Blackwood with a rebound.
0:24 of 3rd period - Slapshot by Mikhail Sergachev.
0:24 of 3rd period - Shot Blocked by Craig Cunningham.
0:26 of 3rd period - Wrist shot by Sebastian Collberg.
0:26 of 3rd period - Stopped by Mackenzie Blackwood with a rebound.
0:28 of 3rd period - Snap shot by Sebastian Collberg.
0:28 of 3rd period - Shot Blocked by Michael Chaput.
0:30 of 3rd period - Wrist shot by Sebastian Collberg.
0:30 of 3rd period - Shot Misses the Net.
0:32 of 3rd period - Slapshot by Vince Dunn.
0:32 of 3rd period - Stopped by Mackenzie Blackwood with a rebound.
1:32 of 3rd period - Wrist shot by Mike Reilly.
1:32 of 3rd period - Deflect By Mikhail Grigorenko.
1:32 of 3rd period - Stopped by Samuel Montembeault with a rebound.
1:42 of 3rd period - Colton White is hit by Ryan Hartman and loses puck.
2:12 of 3rd period - Wrist shot by Curtis Lazar.
2:12 of 3rd period - Deflect By Michael Chaput.
2:12 of 3rd period - Shot Blocked by Ryan Culkin.
2:12 of 3rd period - Puck is out of play.
2:13 of 3rd period - Henrik Samuelsson wins face-off versus Tanner Richard in Wolfpack zone.
2:15 of 3rd period - Stefan Noesen is hit by Andrew Mangiapane.
2:19 of 3rd period - Wrist shot by Stefan Noesen.
2:19 of 3rd period - Stopped by Mackenzie Blackwood with a rebound.
2:21 of 3rd period - Slapshot by Mikhail Sergachev.
2:21 of 3rd period - Shot Misses the Net.
2:23 of 3rd period - Slapshot by Vince Dunn.
2:23 of 3rd period - Stopped by Mackenzie Blackwood with a rebound.
2:25 of 3rd period - Wrist shot by Ryan Dzingel.
2:25 of 3rd period - Shot Blocked by Tanner Richard.
2:27 of 3rd period - Wrist shot by Stefan Noesen.
2:27 of 3rd period - Shot Misses the Net.
2:29 of 3rd period - Backhand shot by Vince Dunn.
2:29 of 3rd period - Shot Misses the Net.
3:05 of 3rd period - Wrist shot by Nikita Scherbak.
3:05 of 3rd period - Stopped by Samuel Montembeault with a rebound.
3:47 of 3rd period - Kurtis Gabriel is hit by Sebastian Collberg and loses puck.
4:27 of 3rd period - Off-side.
4:28 of 3rd period - Seth Griffith wins face-off versus Michael Chaput in neutral zone.
4:53 of 3rd period - Derrick Pouliot is hit by Sam Reinhart.
6:01 of 3rd period - Snap shot by Stefan Matteau.
6:01 of 3rd period - Stopped by Samuel Montembeault with a rebound.
6:47 of 3rd period - Mikhail Grigorenko is hit by Colton White and loses puck.
6:52 of 3rd period - Wrist shot by Maxime Sauvé.
6:52 of 3rd period - Stopped by Mackenzie Blackwood with a rebound.
7:04 of 3rd period - Michael Chaput is hit by Kevin Roy and loses puck.
7:11 of 3rd period - Wrist shot by Connor Chatam.
7:11 of 3rd period - Shot Misses the Net.
7:13 of 3rd period - Wrist shot by Connor Chatam.
7:13 of 3rd period - Shot Misses the Net.
7:15 of 3rd period - Snap shot by Connor Chatam.
7:15 of 3rd period - Deflect By Craig Cunningham.
7:15 of 3rd period - Stopped by Mackenzie Blackwood with a rebound.
7:17 of 3rd period - Slapshot by Mikhail Sergachev.
7:17 of 3rd period - Shot Blocked by Nikita Zadorov.
7:29 of 3rd period - Dave Dziurzynski is hit by Ryan Hartman and loses puck.
7:30 of 3rd period - Dave Dziurzynski from Wolfpack is injured at 7:30 of 3rd period (Groin).
7:31 of 3rd period - Ryan Dzingel wins face-off versus Ryan Hartman in Wolfpack zone.
7:46 of 3rd period - Slapshot by Stefan Noesen.
7:46 of 3rd period - Shot Misses the Net.
7:53 of 3rd period - Icing by Ben Harpur.
7:54 of 3rd period - Michael Chaput wins face-off versus Maxime Sauvé in Icehogs zone.
8:05 of 3rd period - Snap shot by Maxime Sauvé.
8:05 of 3rd period - Stopped by Mackenzie Blackwood with a rebound.
8:46 of 3rd period - Wrist shot by Alex Barre-Boulet.
8:46 of 3rd period - Stopped by Mackenzie Blackwood with a rebound.
8:48 of 3rd period - Wrist shot by Alex Barre-Boulet.
8:48 of 3rd period - Stopped by Mackenzie Blackwood without a rebound.
8:49 of 3rd period - Maxime Sauvé wins face-off versus Michael Chaput in Icehogs zone.
9:14 of 3rd period - Mikhail Sergachev is hit by Mike Reilly and loses puck.
9:28 of 3rd period - Off-side.
9:29 of 3rd period - Ryan Hartman wins face-off versus Seth Griffith in neutral zone.
10:04 of 3rd period - Wrist shot by Henrik Samuelsson.
10:04 of 3rd period - Shot Blocked by Ben Harpur.
10:20 of 3rd period - Samuel Blais is hit by Dillon Dube and loses puck.
11:52 of 3rd period - Snap shot by Samuel Blais.
11:52 of 3rd period - Stopped by Mackenzie Blackwood with a rebound.
11:54 of 3rd period - Slapshot by Samuel Blais.
11:54 of 3rd period - Deflect By Sebastian Collberg.
11:54 of 3rd period - Shot Misses the Net.
11:54 of 3rd period - Puck is out of play.
11:55 of 3rd period - Ryan Hartman wins face-off versus Maxime Sauvé in Icehogs zone.
12:33 of 3rd period - Ben Harpur is hit by Mikhail Sergachev and loses puck.
13:29 of 3rd period - Stefan Matteau is hit by Ryan Dzingel and loses puck.
13:56 of 3rd period - Wrist shot by Maxime Sauvé.
13:56 of 3rd period - Shot Misses the Net.
13:58 of 3rd period - Wrist shot by Sebastian Collberg.
13:58 of 3rd period - Goal by Sebastian Collberg - Wolfpack : 4 - Icehogs : 4.
13:59 of 3rd period - Henrik Samuelsson wins face-off versus Ryan Hartman in neutral zone.
14:33 of 3rd period - Snap shot by Tanner Richard.
14:33 of 3rd period - Stopped by Samuel Montembeault with a rebound.
14:55 of 3rd period - Slapshot by Mike Reilly.
14:55 of 3rd period - Stopped by Samuel Montembeault with a rebound.
15:35 of 3rd period - Snap shot by Craig Cunningham.
15:35 of 3rd period - Stopped by Samuel Montembeault with a rebound.
15:43 of 3rd period - Michael Chaput is hit by Seth Griffith and loses puck.
17:03 of 3rd period - Samuel Blais is hit by Nikita Zadorov and loses puck.
18:05 of 3rd period - Kevin Roy is hit by Curtis Lazar and loses puck.
18:40 of 3rd period - Snap shot by Sam Reinhart.
18:40 of 3rd period - Shot Misses the Net.
19:16 of 3rd period - Patrick Sieloff is hit by Seth Griffith and loses puck.
Goals for this period are 1 for Wolfpack vs 0 for Icehogs.
Shots for this period are 14 for Wolfpack vs 6 for Icehogs.
Overtime #1
0:01 of 1st overtime period - Ryan Dzingel wins face-off versus Ryan Hartman in neutral zone.
0:04 of 1st overtime period - Snap shot by Steven Santini.
0:04 of 1st overtime period - Shot Blocked by Stefan Matteau.
0:11 of 1st overtime period - Off-side.
0:12 of 1st overtime period - Ryan Dzingel wins face-off versus Ryan Hartman in neutral zone.
0:25 of 1st overtime period - Snap shot by Ryan Dzingel.
0:25 of 1st overtime period - Goal by Ryan Dzingel - Wolfpack : 5 - Icehogs : 4.
Goals for this period are 1 for Wolfpack vs 0 for Icehogs.
Shots for this period are 1 for Wolfpack vs 0 for Icehogs.
Output by the SimonT Hockey Simulator (STHS) for Francois Prevost